 Dungeon Crawl Stone Soup version 0.31.0-12-g77e489cdc1 (webtiles) character file.

Game seed: 10813040857236707466

51 booth the Chopper (level 3, -2/29 HPs)
             Began as a Demonspawn Monk on Feb 20, 2024.
             Slain by an iguana (14 damage)
             ... on level 2 of the Dungeon.
             The game lasted 00:06:50 (1187 turns).

booth the Chopper (Demonspawn Monk)                 Turns: 1187, Time: 00:06:50

Health: -2/29      AC:  2    Str: 13    XL:     3   Next: 58%
Magic:  3/3        EV: 12    Int: 10    God:
Gold:   68         SH:  6    Dex: 15    Spells: 2/2 levels left

rFire   . . .        a - +0 hand axe
rCold   . . .        d - orb {light}
rNeg    . . .        b - +0 robe
rPois   .            (no helmet)
rElec   .            (no cloak)
rCorr   +            (no gloves)
SInv    .            (no boots)
Will    .....        (no amulet)
Stlth   +            i - ring of resist corrosion
HPRegen 0.24/turn    (no ring)
MPRegen 0.08/turn

%: no passive effects
@: glowing
A: large bone plates 2
a: no special abilities


You were on level 2 of the Dungeon.
You visited 1 branch of the dungeon, and saw 2 of its levels.

You collected 68 gold pieces.

Inventory:

Hand Weapons
 a - a +0 hand axe (weapon)
Armour
 b - a +0 robe (worn)
 d - an orb of light (worn)
 j - a +0 scale mail
Jewellery
 i - a ring of resist corrosion (left hand)
Scrolls
 e - a scroll of blinking
 k - a scroll of brand weapon {unknown}
Potions
 c - a potion of ambrosia
 f - a potion of mutation
 g - a potion of might {unknown}
 h - a potion of invisibility {unknown}
 l - a potion of resistance {unknown}


   Skills:
 + Level 3.6 Fighting
 * Level 3.8 Axes
 - Level 2.6 Dodging


You had 2 spell levels left.
You didn't know any spells.
Your spell library was empty.

Dungeon Overview and Level Annotations

Branches:
Dungeon (2/15)

Altars:


Innate Abilities, Weirdness & Mutations

You are mostly covered in large bone plates. (SH +6)


Message History

A hobgoblin and an iguana come into view.
The iguana hisses angrily.
You completely miss the hobgoblin. The hobgoblin hits you.
You hit the hobgoblin.
The hobgoblin is almost dead.
The hobgoblin closely misses you.
You hit the hobgoblin but do no damage.
The hobgoblin is almost dead.
The hobgoblin barely misses you.
You hit the hobgoblin.
You kill the hobgoblin!
The iguana bites you but does no damage.
You hit the iguana.
The iguana is lightly wounded.
The iguana bites you!
You barely miss the iguana.
The iguana is lightly wounded.
The iguana closely misses you.
You hit the iguana.
The iguana is heavily wounded.
The iguana closely misses you.
You hit the iguana.
The iguana is heavily wounded.
The iguana bites you!
You hit the iguana but do no damage.
The iguana is heavily wounded.
The iguana barely misses you.
You barely miss the iguana.
The iguana is heavily wounded.
The iguana barely misses you.
You hit the iguana but do no damage.
The iguana is heavily wounded.
The iguana closely misses you.
You hit the iguana.
The iguana is severely wounded.
The iguana barely misses you.
You hit the iguana.
The iguana is severely wounded.
The iguana bites you!
You die...

#....###
# ####.#
#.# #.##
#..#
#####.#
#.....#
..l...#l#
.####.#@#
. #.# #.
#.# # #.#
..# .## .
#.


You could see an iguana.

Vanquished Creatures
  A gnoll (D:1)
  An adder (D:2)
  A dart slug (D:1)
  3 bats (D:1)
  An endoplasm (D:1)
  2 giant cockroaches (D:1)
  4 hobgoblins
  3 jackals (D:1)
  4 kobolds (D:1)
  3 quokkas (D:1)
  2 frilled lizards (D:1)
  2 goblins (D:1)
  3 rats (D:1)
30 creatures vanquished.

Notes
Turn   | Place    | Note
-------+----------+-------------------------------------------
     0 | D:1      | booth the Demonspawn Monk began the quest for the Orb.
     0 | D:1      | Reached XP level 1. HP: 18/18 MP: 1/1
   158 | D:1      | Gained mutation: You are partially covered in large bone
                  | plates. (SH +4) [demonic ancestry]
   158 | D:1      | Reached XP level 2. HP: 9/24 MP: 2/2
   448 | D:1      | Gained mutation: You are mostly covered in large bone
                  | plates. (SH +6) [demonic ancestry]
   448 | D:1      | Reached XP level 3. HP: 29/29 MP: 3/3
  1187 | D:2      | Slain by an iguana

Illustrated notes

Levels and vault maps discovered:
D:1:      lemuel_arrival_rhombus, layout_loops_ring, nrook_loot_triangle
D:2:      minmay_evil_eye, layout_basic, basic_altar,
          ebering_ecumenical_altar_webs, uniq_sigmund

Skill      XL: |  1 |
---------------+----+-----
Axes           | 3 |  3.8
Fighting       | |  3.6
Dodging        | |  2.6

Action                     || total
---------------------------++-------
  Melee: Hand axe          ||    97
    Use: Scroll            ||     3
 Armour: Robe              ||    45
  Dodge: Dodged            ||    52
